Map: Taito Citadel LE

Players

Seigneur

  • Race: Terran Terran
  • League: Master
  • Spawn Location: 11:00

SortOf - Winner!

  • Race: Zerg Zerg
  • League: Master
  • Spawn Location: 5:00

VOD

Have the link to the VOD?

Description

Time

  • Played on: June 22, 2026, 5:41 a.m.
  • Length: 4:20
Show
View Real Time Build Order
Export as new Build Order

Seigneur Terran 

Build Orders:  

Get SALT Encoding   

  12  0:00  SCV  
  13  0:15  Supply Depot  
  13  0:16  SCV  
  14  0:29  SCV  
  15  0:35  Refinery  
  15  0:42  Barracks  
  16  0:56  Barracks  
  15  1:10  Barracks  
  15  1:17  Refinery  
  15  1:29  Reaper  
  16  1:43  Reaper  
  17  1:47  Orbital Command  
  17  1:57  Reaper  
  18  2:01  Reaper  
  19  2:15  Reaper  
  19  2:29  Reaper  
  20  2:33  Reaper  
  21  2:37  Supply Depot  
  21  2:47  Reaper  
  22  3:02  Reaper  
  22  3:03  SCV  
  24  3:05  Reaper  
  25  3:19  Reaper  
  26  3:30  SCV  
  26  3:34  Reaper  
  28  3:37  Reaper  
  29  3:42  SCV  
  31  3:58  Supply Depot  
  31  4:01  SCV  
Show
View Real Time Build Order
Export as new Build Order

SortOf Zerg - Winner!

Build Orders: Hatch First 

Get SALT Encoding   

  12  0:00  Drone  
  13  0:08  Drone  
  14  0:14  Extractor  
  14  0:15  Drone  
  15  0:22  Overlord  
  15  0:41  Hatchery  
  14  0:46  Drone  
  15  0:50  Drone  
  15  0:52  Drone  
  17  1:07  Spawning Pool  
  17  1:10  Drone  
  17  1:12  Extractor  
  17  1:17  Drone  
  17  1:19  Drone  
  18  1:30  Drone  
  19  1:43  Drone  
  20  1:53  Queen x2  
  24  1:55  Zergling x2  
  24  1:57  Zergling x2  
  26  2:02  Overlord  
  26  2:04  Drone  
  27  2:13  Drone  
  28  2:23  Hatchery  
  28  2:27  Drone  
  28  2:31  Metabolic Boost  
  28  2:38  Zergling x4  
  30  2:46  Queen  
  30  2:51  Overlord  
  32  2:55  Zergling x2  
  33  3:02  Zergling x2  
  33  3:03  Zergling x4  
  36  3:07  Overlord  
  36  3:14  Queen  
  40  3:20  Zergling x4  
  40  3:26  Overlord  
  40  3:27  Drone  
  40  3:33  Zergling x4  
  41  3:40  Zergling x6  
  43  3:49  Zergling x6  
Tags
 
Add a new tag
Caveats
  • Supply blocks, unpowered buildings, or Contaminate may cause inaccurate times.
  • Supply counts are checked every 10 seconds.